 Dungeon Crawl Stone Soup version 0.30-a0-269-gf0224bf7b6 (webtiles) character file.

Game seed: 2007881006707424279

6723 greasedhog the Grappler (level 11, -7/63 HPs)
             Began as a Gargoyle Transmuter on Oct 15, 2022.
             Was a Believer of Sif Muna.
             Mangled by a vampire (10 damage)
             ... on level 10 of the Dungeon.
             The game lasted 00:17:34 (8220 turns).

greasedhog the Grappler (Gargoyle Transmuter)       Turns: 8220, Time: 00:17:35

Health: -7/63      AC:  2    Str: 17    XL:     11   Next: 4%
Magic:  11/17      EV: 20    Int: 15    God:    Sif Muna [**....]
Gold:   506        SH:  0    Dex: 15    Spells: 8/18 levels left

rFire   . . .      SeeInvis .      - Unarmed
rCold   + . .      Faith    .    (shield currently unavailable)
rNeg    + . .      Spirit   .    (body armour currently unavailable)
rPois   ∞          Reflect  .    (helmet currently unavailable)
rElec   .          Harm     .    (cloak currently unavailable)
rCorr   .          Rampage  .    (gloves currently unavailable)
Will    .....                    (boots currently unavailable)
Stlth   +++.......               E - amulet of regeneration
HPRegen 1.10/turn                j - ring of wizardry
MPRegen 0.15/turn                o - ring of protection from cold

@: spider-form, wereblooded
A: venomous fangs, sickness immunity, AC +8, tiny, negative energy resistance 1,
(electricity resistance), torment resistance 1, petrification resistance
a: End Transformation, Renounce Religion, Channel Magic


You were on level 10 of the Dungeon.
You worshipped Sif Muna.
Sif Muna was pleased with you.
You were a venomous arachnid creature.
You visited 2 branches of the dungeon, and saw 11 of its levels.

You collected 558 gold pieces.
You spent 52 gold pieces at shops.

Inventory:

Missiles
 e - 2 throwing nets
Armour
 d - a +0 cloak (melded)
 m - a +0 troll leather armour (melded)
 t - a +0 pair of boots (melded)
 w - a +0 helmet (melded)
Jewellery
 f - a ring of magical power
 j - a ring of wizardry (left front leg)
 o - a ring of protection from cold (right front leg)
 p - a ring of fire
 E - an amulet of regeneration (around neck)
 H - a +4 ring of evasion
Wands
 q - a wand of polymorph (14)
 C - a wand of roots (19)
 D - a wand of paralysis (9)
 J - a wand of flame (17)
Scrolls
 a - 4 scrolls of magic mapping
 g - 3 scrolls of fear
 h - a scroll of summoning
 u - a scroll of butterflies
 x - a scroll of teleportation
 y - a scroll of amnesia {unknown}
 z - 2 scrolls of identify
 A - 2 scrolls of immolation
 B - a scroll of poison
 G - a scroll of brand weapon
 K - a scroll of torment
Potions
 b - 3 potions of lignification
 c - 2 potions of brilliance {unknown}
 i - a potion of berserk rage {unknown}
 k - 5 potions of curing {unknown}
 l - 3 potions of heal wounds {unknown}
 n - a potion of invisibility {unknown}
 r - a potion of degeneration {unknown}
 s - 2 potions of haste {unknown}
 v - a potion of might
 F - a potion of mutation {unknown}


   Skills:
 - Level 5.0 Fighting
 - Level 5.0 Armour
 * Level 3.6 Dodging
 - Level 5.0 Stealth
 * Level 10.0 Unarmed Combat
 - Level 4.0 Spellcasting
 * Level 7.9 Transmutations
 * Level 1.4 Poison Magic


You had 8 spell levels left.
You knew the following spells:

 Your Spells              Type           Power      Damage    Failure   Level
a - Beastly Appendage     Tmut           52%        N/A       1%          1
b - Wereblood             Tmut           26%        N/A       2%          2
c - Spider Form           Tmut/Pois      17%        N/A       9%          3
d - Ice Form              Ice/Tmut       15%        N/A       26%         4

Your spell library contained the following spells:

 Spells                   Type           Power      Damage    Failure   Level
 Foxfire                  Conj/Fire      12%        2x1d4     16%         1
 Freeze                   Ice            12%        1d3       16%         1
 Magic Dart               Conj           12%        1d3       16%         1
 Call Imp                 Summ           3%         N/A       21%         2
 Mephitic Cloud           Conj/Pois/Air  4%         N/A       32%         3
 Dazzling Flash           Conj/Hex       6%         N/A       36%         3
 Frozen Ramparts          Ice            6%         1d1       36%         3
 Hailstorm                Conj/Ice       3%         3d3       36%         3
 Tukima's Dance           Hex            3%         N/A       36%         3
 Yara's Violent Unravell  Hex/Tmut       7%         3d5       52%         5
 Animate Dead             Necr           3%         N/A       71%         4
 Passage of Golubria      Tloc           3%         N/A       71%         4
 Agony                    Necr           3%         N/A       94%         5
 Borgnjor's Vile Clutch   Necr/Erth      1%         N/A       94%         5
 Fireball                 Conj/Fire      1%         3d3       94%         5
 Silence                  Hex/Air        1%         N/A       94%         5
 Death Channel            Necr           1%         N/A       100%        6
 Starburst                Conj/Fire      1%         6d3       100%        6


Dungeon Overview and Level Annotations

Branches:
Dungeon (10/15)            Temple (1/1) D:7
   Lair: D:8-11         Orc: D:9-12

Altars:
Ashenzari
Cheibriados
Dithmenos
Elyvilon
Fedhas
Gozag
Hepliaklqana
Kikubaaqudgha
Makhleb
Nemelex Xobeh
Okawaru
Qazlal
Ru
Sif Muna
Trog
Uskayaw
Vehumet
Wu Jian
Xom
Yredelemnul
Zin
The Shining One

Shops:
D:4 **   D:6 :   D:10 *


Innate Abilities, Weirdness & Mutations

You are a venomous arachnid creature.
You have poisonous fangs.
You are tiny and dextrous.
Your spellcasting is less reliable in this form.
Your armour is entirely melded.
You are incapable of wielding weapons or throwing items.
You are immune to sickness and miasma.
((Your stone body is resilient. (AC +8)))
You are immune to poison.
You resist negative energy. (rN+)
((You are resistant to electric shocks. (rElec)))
You are resistant to unholy torment.
You are immune to petrification.


Message History

As you read the scroll of fear, it crumbles to dust.
You assume a fearsome visage.
The kobold looks frightened!
The kobold brigand resists with some effort.
The kobold looks frightened! x2; The troll looks frightened!
The yak looks frightened!
You hiss as the wereblood boils in your veins!
Cornered, the kobold turns to fight!
The kobold closely misses you.
Things that are here:
a +0 dagger; 2 poisoned darts You bite the kobold!
You feel a bit better.
You kill the kobold!
Sif Muna accepts your kill.
Your primal bloodlust is almost over.
You hiss as the wereblood boils in your veins!
The kobold throws a stone.
The stone completely misses you.
The kobold throws a stone.
The stone closely misses you.
The troll seems to regain its courage.
You hiss as the wereblood boils in your veins!
You hit the vampire but do no damage.
Your primal bloodlust has ended.
The vampire hits you! The vampire closely misses you.
You hit the vampire but do no damage.
The yak seems to regain its courage.
The vampire casts a spell.
The vampire flickers and vanishes!
Deactivating autopickup; reactivate with Ctrl-A.
Casting: Spider Form (dangerous; 9% risk of failure)
Confirm with . or Enter, or press ? or * to list all spells.
Your blood is infused with primal strength.
Something hits you!
* * * LOW HITPOINT WARNING * * *
Something bites you.
* * * LOW HITPOINT WARNING * * *
Aiming: Mindburst
Press: ? - help, Shift-Dir - straight line, f - kobold
Aim: a kobold, wielding a +0 short sword and quivering stones (chance to affect: 79%) Nothing appears to happen.
The now-empty wand crumbles to dust.
Something hits you!
* * * LOW HITPOINT WARNING * * *
Something bites you!
You die...

# ..K . ...... ###.###
#.#K# ...###
...KKY.##)#.# #####
#..KK.Y##......####
#.#####K####.#.#.....#
# #......KK∩....#
#..#.####
########TY##.##
##.......
#{###..###..#.####
#s##....#...#.#
#.##..........#
#...........#.#
####.########.# #.#
#...).# #.# #.....#
#.# #.....# #.#
#....<# #.# #.....#


You could see a yak, a troll (poisoned), a kobold brigand and 4 kobolds.

Vanquished Creatures
  A troll (D:9)
  A hornet (D:9)
  11 yaks
  A wyvern (D:9)
  2 steam dragons (D:7)
  Menkaure (D:7)
  3 water moccasins
  An acid dragon (D:10)
  2 ice beasts (D:6)
  A sky beast (D:8)
  2 black bears (D:6)
  5 centaurs
  2 ogres
  2 phantoms (D:5)
  2 kobold brigands
  2 necrophages
  A gnoll sergeant (D:9)
  3 bullfrogs
  A scorpion (D:2)
  7 wights
  17 killer bees
  5 howler monkeys
  A jelly (D:7)
  4 hounds
  An orc priest (D:3)
  Jessica (D:3)
  3 iguanas
  8 orc wizards
  9 gnolls
  7 adders
  A shadow imp (D:8)
  2 white imps (D:6)
  An ufetubus (D:4)
  2 worms
  2 dart slugs
  18 orcs
  9 endoplasms
  2 giant cockroaches
  4 goblins
  9 hobgoblins
  4 jackals
  13 kobolds
  3 quokkas
  7 ball pythons
  6 bats
  5 frilled lizards
  5 rats
200 creatures vanquished.

Notes
Turn   | Place    | Note
-------+----------+-------------------------------------------
     0 | D:1      | greasedhog the Gargoyle Transmuter began the quest for the
                  | Orb.
     0 | D:1      | Reached XP level 1. HP: 12/12 MP: 3/3
   203 | D:1      | Reached XP level 2. HP: 17/17 MP: 5/5
   576 | D:1      | Reached XP level 3. HP: 19/21 MP: 6/6
  1135 | D:2      | Reached skill level 4 in Unarmed Combat
  1135 | D:2      | Reached XP level 4. HP: 24/26 MP: 5/7
  1157 | D:2      | Noticed a scorpion
  1178 | D:2      | Killed a scorpion
  1179 | D:2      | Reached XP level 5. HP: 29/30 MP: 6/8
  1258 | D:2      | Found a white marble altar of Elyvilon.
  1618 | D:3      | Reached skill level 1 in Stealth
  1891 | D:3      | Reached XP level 6. HP: 35/35 MP: 9/9
  2079 | D:3      | Noticed Jessica
  2084 | D:3      | Killed Jessica
  2596 | D:4      | Reached skill level 5 in Unarmed Combat
  2641 | D:4      | You fall into a shaft and drop 1 floor!
  2641 | D:5      | Entered Level 5 of the Dungeon
  2911 | D:4      | Reached XP level 7. HP: 40/40 MP: 10/10
  3354 | D:4      | Found Istri's General Store.
  3355 | D:4      | Found Muiqihut's Specific Store.
  3362 | D:4      | Learned a level 2 spell: Wereblood
  3366 | D:4      | Bought a scroll of identify for 26 gold pieces
  3366 | D:4      | Bought a scroll of identify for 26 gold pieces
  3371 | D:4      | Reached skill level 6 in Unarmed Combat
  3449 | D:5      | Found a large runed translucent door.
  3454 | D:5      | Reached XP level 8. HP: 41/44 MP: 11/11
  3459 | D:5      | Found a large runed translucent door.
  3700 | D:5      | Reached skill level 5 in Stealth
  3939 | D:5      | Found a sacrificial altar of Ru.
  3950 | D:5      | Found an opulent altar of Gozag.
  4036 | D:6      | Reached skill level 1 in Armour
  4077 | D:6      | Learned a level 3 spell: Spider Form
  4108 | D:6      | Found Kaxiatus's Book Shoppe.
  4278 | D:6      | Reached skill level 5 in Transmutations
  4397 | D:6      | Reached skill level 7 in Unarmed Combat
  4454 | D:6      | Found a white marble altar of Elyvilon.
  4471 | D:6      | Reached XP level 9. HP: 40/48 MP: 14/14
  4518 | D:6      | Found a glowing silver altar of Zin.
  4519 | D:6      | Noticed an angel
  5049 | D:7      | Found a staircase to the Ecumenical Temple.
  5060 | Temple   | Entered the Ecumenical Temple
  5355 | Temple   | Became a worshipper of Sif Muna the Loreminder
  5771 | D:7      | Noticed Menkaure
  5782 | D:7      | Killed Menkaure
  5793 | D:7      | Found a radiant altar of Vehumet.
  5851 | D:8      | Reached skill level 8 in Unarmed Combat
  5951 | D:7      | Reached skill level 5 in Armour
  6143 | D:8      | Found a broken altar of Ashenzari.
  6382 | D:8      | Reached XP level 10. HP: 53/56 MP: 11/16
  6405 | D:8      | Reached * piety under Sif Muna
  6419 | D:8      | Learned a level 4 spell: Ice Form
  6920 | D:9      | Reached skill level 9 in Unarmed Combat
  7033 | D:9      | Reached skill level 5 in Fighting
  7089 | D:9      | Found a blossoming altar of Fedhas.
  7405 | D:9      | Reached ** piety under Sif Muna
  7487 | D:9      | Found a burning altar of Makhleb.
  7487 | D:9      | Noticed a balrug
  7879 | D:10     | Entered Level 10 of the Dungeon
  8001 | D:10     | Found a shadowy altar of Dithmenos.
  8138 | D:10     | Reached skill level 1 in Poison Magic
  8138 | D:10     | Reached XP level 11. HP: 50/63 MP: 11/17
  8180 | D:10     | Found Vumi's Mass Market.
  8208 | D:10     | Reached skill level 10 in Unarmed Combat
  8220 | D:10     | HP: 3/63 [something (10)]
  8220 | D:10     | Mangled by a vampire

Illustrated notes

Levels and vault maps discovered:
D:1:      matt_arrival_grand_opening, layout_basic, serial_glass,
          glass_columns_a, glass_columns_a, glass_columns_b, glass_columns_c
D:2:      minmay_chambers_of_ones, layout_rooms, basic_altar,
          chequers_serial_rivers_marsh
D:3:      layout_basic, uniq_jessica
D:4:      layout_loops_ring, nicolae_specific_store, chequers_avenue
D:5:      layout_loops_ring, jmf_multi_god_temple2
D:6:      layout_loops_ring, zin_angel, elyvilon_altar_5, serial_shops,
          nicolae_shop_hallway_stairs, minmay_bent
D:7:      layout_basic, lemuel_coloured_pillars_altar,
          minmay_temple_entry_trees, uniq_crazy_yiuf_cottage, uniq_menkaure
D:8:      layout_cave_pods, old_standard_altar
D:9:      layout_basic, makhleb_altar_promises_db,
          mainiacjoe_overflow_tiny_flanked
D:10:     layout_loops_cross, kennysheep_mini_moat, minmay_shop_mass
Temple:   oiseaux_autumnal_temple

Skill      XL: |  1  2  3  4  5  6  7  8  9 10 11 |
---------------+----------------------------------+-----
Fighting       | 2 3 5 |  5.0
Transmutations | 2 3 4 5 6 7 |  7.9
Unarmed Combat | 4 5 6 7 8 9 10 | 10.0
Stealth        | 1 3 4 5 |  5.0
Armour         | 3 5 |  5.0
Spellcasting   | 3 4 |  4.0
Dodging        | 3 |  3.6
Poison Magic   | 1 |  1.4

Action                   |  1- 3 |  4- 6 |  7- 9 | 10-12 || total
-------------------------+-------+-------+-------+-------++-------
Melee: Unarmed           |    82 |       |     6 |   165 ||   253
       Punch             |     4 |     3 |    11 |       ||    18
       Kick              |    16 |    35 |    73 |       ||   124
       Headbutt          |     6 |    16 |    42 |       ||    64
       Short sword       |    17 |    75 |       |       ||    92
       Dagger            |       |    53 |   275 |       ||   328
 Cast: Beastly Appendage |    20 |    32 |    46 |       ||    98
       Wereblood         |       |       |     6 |    10 ||    16
       Spider Form       |       |       |     1 |    21 ||    22
Evoke: Wand              |       |       |       |     1 ||     1
  Use: Scroll            |       |     3 |     4 |     6 ||    13
 Stab: Sleeping          |       |       |    10 |       ||    10
Armor: Robe              |    35 |     3 |       |       ||    38
       Troll leather arm |       |    48 |   149 |       ||   197
       Skin              |       |       |       |     8 ||     8
Dodge: Dodged            |    78 |    61 |   190 |   155 ||   484

Table legend: (Time is in decaauts)
 A = Elapsed time spent in this place.
 B = Non-inter-level travel time spent in this place.
 C = Inter-level travel time spent in this place.
 D = Time resting spent in this place.
 E = Time spent auto-exploring this place.
 F = Levels seen in this place.
 G = Mean time per level.
                   A        B        C        D        E       F      G
               +--------+--------+--------+--------+--------+-----+--------+
         Total |   8188 |   7901 |    287 |    194 |   6050 |  11 |  744.4 |
       Dungeon |   7848 |   7640 |    208 |    194 |   5802 |  10 |  784.8 |
        Temple |    340 |    262 |     78 |      0 |    248 |   1 |  340.0 |
               +--------+--------+--------+--------+--------+-----+--------+

Top non-repeatable levels by time:
     D:9: 1038 daAuts
     D:3: 982 daAuts
     D:8: 884 daAuts
     D:4: 854 daAuts
     D:7: 854 daAuts
     D:1: 850 daAuts
     D:6: 757 daAuts
     D:2: 707 daAuts
     D:5: 585 daAuts
  Temple: 340 daAuts
    D:10: 332 daAuts
